 Dungeon Crawl Stone Soup version 0.32-a0-868-g153ae1a8d6 (webtiles) character file.

Game seed: 7376015920957355117

101535 Esekla the Thaumaturge (level 15, 0/118 HPs)
             Began as a Demonspawn Wanderer on Mar 27, 2024.
             Was an Initiate of Gozag.
             Slain by a tarantella (1 damage)
             ... on level 1 of the Spider Nest on Mar 28, 2024.
             The game lasted 03:32:36 (28610 turns).

Esekla the Thaumaturge (Demonspawn Wanderer)       Turns: 28610, Time: 03:32:36

Health: 0/118      AC: 18    Str: 11 (15) XL:     15   Next: 83%
Magic:  13/33      EV:  5    Int: 22 (24) God:    Gozag
Gold:   385        SH:  0    Dex: 12 (13) Spells: 14/42 levels left

rFire   + + .        a - +8 mace "Veny" {freeze, Int+5}
rCold   + . .        x - +1 buckler {reflect}
rNeg    + . .        F - +2 ring mail of the Curious Dances {^Contam rF++ rC+ Regen+}
rPois   .            (helmet unavailable)
rElec   .            m - +2 cloak {rCorr}
rCorr   +            y - +1 pair of gloves of the Trees {rN+ Int+2}
SInv    .            o - +0 pair of boots
Will    +....        h - amulet of regeneration
Stlth   +            q - +4 ring of slaying
HPRegen 1.99/turn    Q - +4 ring of slaying
MPRegen 0.23/turn

%: reflection
@: confused, held, studying Dodging
A: horns 3, slimy green scales 2, demonic guardian 1, augmentation 1, demonic
magic 2
a: Renounce Religion, Potion Petition, Call Merchant, Bribe Branch


You were on level 1 of the Spider Nest.
You worshipped Gozag.
Gozag was aware of your devotion.
You visited 6 branches of the dungeon, and saw 25 of its levels.

You collected 8792 gold pieces.
You spent 5990 gold pieces at shops.
You paid 2417 gold pieces to Gozag.

Inventory:

Hand Weapons
 a - the +8 mace "Veny" (weapon) {freeze, Int+5}
   (You found it on level 2 of the Dungeon)

   Int+5:     It affects your intelligence (+5).
 r - a +1 spear of flaming
 s - a +1 vampiric dagger
 W - a +5 heavy long sword
Missiles
 p - 50 poisoned darts
 t - 15 javelins
 I - 9 boomerangs (quivered)
 R - 10 curare-tipped darts
Armour
 m - a +2 cloak of preservation (worn)
 o - a +0 pair of boots (worn)
 x - a +1 buckler of reflection (worn)
 y - the +1 pair of gloves of the Trees (worn) {rN+ Int+2}
   (You bought it in a shop on level 15 of the Dungeon)

   Int+2:     It affects your intelligence (+2).
   rN+:       It protects you from negative energy.
 E - a +1 pair of boots
 F - the +2 ring mail of the Curious Dances (worn) {^Contam rF++ rC+ Regen+}
   (You found it on level 2 of the Lair of Beasts)

   rF++:      It greatly protects you from fire.
   rC+:       It protects you from cold.
   ^Contam:   It causes magical contamination when unequipped.
   Regen+:    It increases your rate of health regeneration.
Jewellery
 c - a ring of poison resistance
 d - a +6 ring of intelligence
 h - an amulet of regeneration (around neck)
 q - a +4 ring of slaying (left hand)
 u - a ring of protection from fire
 J - a ring of ice
 L - a ring of protection from fire
 Q - a +4 ring of slaying (right hand)
 Z - a ring of fire
Wands
 g - a wand of digging (10)
 G - a wand of flame (76)
 N - a wand of mindburst (36)
 V - a wand of warping (5)
 Y - a wand of quicksilver (2)
Scrolls
 k - 8 scrolls of teleportation
 w - a scroll of silence
 z - 4 scrolls of blinking
 A - 4 scrolls of fear
 B - 9 scrolls of enchant armour
 M - 3 scrolls of enchant weapon
 O - 2 scrolls of revelation
 P - 2 scrolls of fog
Potions
 b - 2 potions of haste
 e - 7 potions of might
 f - 5 potions of ambrosia
 i - 5 potions of attraction
 j - a potion of experience
 l - 11 potions of curing
 n - a potion of invisibility
 v - 4 potions of resistance
 C - 2 potions of heal wounds
 D - 2 potions of berserk rage
 H - 3 potions of brilliance
 K - a potion of lignification
 T - a potion of magic
 U - a potion of enlightenment


   Skills:
 * Level 11.1 Fighting
 + Level 3.3 Short Blades
 + Level 2.0(4.2) Axes
 + Level 5.7(5.9) Maces & Flails
 + Level 0.1(1.2) Polearms
 + Level 3.2 Throwing
 + Level 7.1 Armour
 * Level 4.1 Dodging
 + Level 8.9 Stealth
 + Level 4.5 Shields
 * Level 14.3 Spellcasting
 * Level 5.7 Conjurations
 * Level 4.4 Necromancy
 + Level 9.4 Ice Magic
 + Level 5.4 Air Magic
 + Level 8.2 Alchemy


You had 14 spell levels left.
You knew the following spells:

 Your Spells              Type           Power      Damage    Failure   Level
a - Ozocubu's Armour      Ice            55%        N/A       1%          3
c - Mephitic Cloud        Conj/Alch/Air  44%        N/A       2%          3
d - Vampiric Draining     Necr           35%        2d8       5%          3
i - Irradiate             Conj/Alch      23%        3d19      19%         5
k - Airstrike             Air            19%        2d(3-19)  12%         4
p - Apportation           Tloc           30%        N/A       12%         1
r - Frozen Ramparts       Ice            100%       1d16      1%          3
v - Mercury Vapours       Alch/Air       90%        N/A       1%          2
x - Olgreb's Toxic Radia  Alch           51%        N/A       4%          4

Your spell library contained the following spells:

 Spells                   Type           Power      Damage    Failure   Level
 Freeze                   Ice            100%       1d10      1%          1
 Necrotise                Necr           100%       1d9       1%          1
 Shock                    Conj/Air       100%       1d9       1%          1
 Sting                    Conj/Alch      100%       1d9       1%          1
 Hailstorm                Conj/Ice       49%        3d10      1%          3
 Ensorcelled Hibernation  Hex/Ice        72%        N/A       2%          2
 Swiftness                Air            39%        N/A       3%          3
 Summon Ice Beast         Ice/Summ       36%        N/A       4%          3
 Dazzling Flash           Conj/Hex       56%        N/A       11%         3
 Alistair's Intoxication  Alch           34%        N/A       11%         5
 Summon Small Mammal      Summ           60%        N/A       12%         1
 Jinxbite                 Hex            30%        N/A       17%         2
 Call Canine Familiar     Summ           15%        N/A       34%         3
 Passwall                 Erth           15%        N/A       34%         3
 Martyr's Knell           Necr/Summ      25%        N/A       43%         4
 Sculpt Simulacrum        Ice/Alch       26%        N/A       43%         6
 Curse of Agony           Necr           35%        N/A       45%         5
 Silence                  Hex/Air        13%        N/A       71%         5
 Summon Blazeheart Golem  Fire/Summ      15%        N/A       75%         4
 Permafrost Eruption      Ice/Erth       18%        2x4d6     95%         6
 Malign Gateway           Summ/Tloc      7%         N/A       100%        7
 Orb of Destruction       Conj           20%        9d8       100%        7
 Spellforged Servitor     Conj/Summ      14%        N/A       100%        7


Dungeon Overview and Level Annotations

Branches:
Dungeon (15/15)            Temple (1/1) D:7            Lair (5/5) D:9
 Shoals (0/4) Lair:2       Spider (1/4) Lair:3        Slime (0/5) Lair:5
    Orc (2/2) D:12            Elf (0/3) Orc:2        Vaults (0/5) D:14
 Depths (1/4) D:15

Altars:
Ashenzari
Cheibriados
Dithmenos
Fedhas
Gozag
Hepliaklqana
Kikubaaqudgha
Makhleb
Nemelex Xobeh
Okawaru
Qazlal
Ru
Sif Muna
Trog
Uskayaw
Vehumet
Wu Jian
Xom
Yredelemnul
Beogh
Jiyva

Shops:
D:2 *:**?   D:3 !   D:4 *([*   D:9 :   D:15 :*!   Orc:2 :*[=

Portals:
Trove: Depths:1 (give 14 potions of heal wounds)

Annotations:
D:7 4 runed translucent doors
D:11 exclusion: orange crystal statue


Innate Abilities, Weirdness & Mutations

You have a pair of large horns on your head.
You are mostly covered in slimy green scales. (AC +3)
A weak demonic guardian rushes to your aid.
Your magical and physical power is slightly enhanced at high health.
Spells you cast may paralyse nearby enemies.


Message History

You feel weakened. Something hits you but does no damage. Something stings you.
* * * LOW HITPOINT WARNING * * *
The culicivora bites you!
* * * LOW HITPOINT WARNING * * *
The culicivora draws strength from your injuries!
The orb spider weaves a glowing orb of energy.
An orb of destruction comes into view.
You feel much better.
The jumping spider pounces on you but does no damage.
The jumping spider bites you but does no damage.
The tarantella touches you but does no damage.
The culicivora bites you!
* * * LOW HITPOINT WARNING * * *
The culicivora draws strength from your injuries!
Your quasit bites the radroach but does no damage.
Your quasit claws the radroach but does no damage. x2
Something hits you.
* * * LOW HITPOINT WARNING * * *
You feel weakened. Something hits you but does no damage. Something stings you!
* * * LOW HITPOINT WARNING * * *
You are too confused!
You feel much better.
The jumping spider pounces on you but does no damage.
The jumping spider barely misses you.
The tarantella touches you but does no damage.
The culicivora bites you!
* * * LOW HITPOINT WARNING * * *
The culicivora draws strength from your injuries!
Your quasit bites the radroach but does no damage.
Your quasit claws the radroach. x2; Something hits you but does no damage. x2
Something stings you!
* * * LOW HITPOINT WARNING * * *
The jumping spider pounces on you.
* * * LOW HITPOINT WARNING * * *
The jumping spider bites you but does no damage.
The tarantella touches you.
You die...
Your body crumbles into a pile of gold.

.# ..^. ...
...##
...####...##
...$#......##
........(...#
.....5..$..#
...#.Bs.$$.###
#...Bs@s....#
...^*B.####.##
#.#○...
.☼○....
.s.#... .#
####


You could see 3 radroaches, an orb spider, a culicivora, a jumping spider, a
tarantella and a friendly quasit (summoned).

Vanquished Creatures
  An ettin (D:15)
  Snorg (D:11)
  Josephine (D:14)
  A vault guard (D:14)
  Fannar (Orc:1)
  6 ogre magi
  A hydra (Lair:2)
  2 catoblepae
  4 centaur warriors
  22 two-headed ogres
  A dancing weapon (D:14)
  7 boulder beetles
  A death yak (Lair:2)
  A deep troll shaman (Depths:1)
  2 tengu warriors (D:15)
  An orc high priest (Orc:1)
  2 occultists
  A skyshark (Lair:5)
  A skeletal warrior (D:12)
  5 deep trolls
  Lodul (D:12)
  3 lindwurms
  An orc knight (Orc:2)
  Pikel (D:5)
  A necromancer (D:12)
  A deep elf pyromancer (D:15)
  An orc sorcerer (Orc:2)
  6 ugly things
  A manticore (D:12)
  3 cyclopes
  10 elephants
  6 centaur zombies (D:12)
  6 black mambas
  3 kobold blastminers
  A molten gargoyle (D:13)
  4 gargoyles
  A torpor snail (Lair:5)
  13 cane toads
  2 kobold demonologists
  2 rime drakes
  An unseen horror (shapeshifter) (D:14)
  4 centaur skeletons (D:12)
  An efreet (D:14)
  A yaktaur (shapeshifter) (D:11)
  8 komodo dragons
  2 tengu conjurers (D:15)
  11 trolls
  4 hornets (Lair:5)
  Grinder (D:3)
  5 polar bears
  A tarantella (Spider:1)
  9 dream sheep
  11 blink frogs
  A meliai zombie (D:12)
  2 jumping spiders (Lair:3)
  A water elemental (D:13)
  A culicivora (Spider:1)
  2 shadows
  19 slime creatures
  11 spriggans (Lair:5)
  10 basilisks
  6 wyverns
  7 wraiths
  43 yaks
  Eustachio (D:5)
  A basilisk (shapeshifter) (D:14)
  3 vampire mosquitoes
  5 wargs
  2 redbacks (Spider:1)
  A steam dragon (D:8)
  13 water moccasins
  2 acid dragons
  4 laughing skulls
  10 orc warriors
  An ice beast (D:8)
  A black bear (shapeshifter) (D:14)
  3 black bears
  17 wolves
  3 boggarts (Lair:5)
  9 centaurs
  32 ogres
  3 lemures (D:5)
  A phantom (D:7)
  10 kobold brigands
  12 bullfrogs
  2 scorpions (D:5)
  A gnoll sergeant (D:5)
  5 wights (D:12)
  12 killer bees
  2 howler monkeys (D:10)
  4 electric eels
  12 orc priests
  2 jellies
  2 bombardier beetles
  10 hounds
  8 iguanas
  A sleepcap (D:6)
  17 orc wizards
  Robin (D:2)
  5 adders
  5 gnolls (D:5)
  A white imp (D:6)
  An ufetubus (D:7)
  A ribbon worm (D:2)
  53 orcs
  12 bats
  7 endoplasms
  2 giant cockroaches
  13 goblins
  13 hobgoblins
  11 jackals
  27 kobolds
  4 quokkas
  4 ball pythons
  A frilled lizard (D:2)
  5 rats
  A spectral goblin (D:10)
670 creatures vanquished.

Vanquished Creatures (collateral kills)
  A centaur zombie (D:12)
  A dream sheep (Lair:5)
  A spriggan (Lair:5)
  A black bear (Lair:5)
  A wight (D:12)
  An electric eel (D:9)
  A kobold (D:9)
7 creatures vanquished.

Vanquished Creatures (others)
  An orc wizard (Orc:1)
1 creature vanquished.

Grand Total: 678 creatures vanquished

Notes
Turn   | Place    | Note
-------+----------+-------------------------------------------
     0 | D:1      | Esekla the Demonspawn Wanderer began the quest for the Orb.
     0 | D:1      | Esekla set off with the following items: a +1 hand axe, a
                  | potion of haste, a +0 leather armour; and the following
                  | spell memorised: Freeze; and the following spells available
                  | to memorise: Frozen Ramparts, Ozocubu's Armour.
     0 | D:1      | Reached XP level 1. HP: 19/19 MP: 2/2
    55 | D:1      | Gained mutation: Spells you cast may paralyse adjacent
                  | enemies. [demonic ancestry]
    55 | D:1      | Reached XP level 2. HP: 16/25 MP: 3/3
   696 | D:2      | Found Mefoes's General Store.
   738 | D:2      | Gained mutation: You have a pair of small horns on your
                  | head. [demonic ancestry]
   738 | D:2      | Reached XP level 3. HP: 31/31 MP: 1/5
   743 | D:2      | Learned a level 3 spell: Ozocubu's Armour
   750 | D:2      | Bought a scroll of noise for 12 gold pieces
   957 | D:2      | Identified the +8 mace "Veny" {freeze, Int+5}
   998 | D:2      | Found Laumiqie's Magic Scroll Shop.
  1001 | D:2      | Bought a scroll of identify for 24 gold pieces
  1076 | D:2      | Noticed Robin
  1102 | D:2      | Killed Robin
  1104 | D:2      | Reached skill level 1 in Short Blades
  1247 | D:2      | Found Heowikaq's Assorted Antiques.
  1321 | D:2      | Found Seonetsy's Assorted Antiques.
  1326 | D:2      | Gained mutation: You are partially covered in slimy green
                  | scales. (AC +2) [demonic ancestry]
  1326 | D:2      | Reached XP level 4. HP: 38/38 MP: 6/6
  1438 | D:2      | Found Jiphuhatt's Book Shop.
  1616 | D:3      | Found Fyugeem's Distillery.
  1752 | D:3      | Reached skill level 1 in Stealth
  1754 | D:3      | Reached skill level 2 in Spellcasting
  1793 | D:2      | Learned a level 3 spell: Frozen Ramparts
  1810 | D:2      | Bought an emerald potion for 18 gold pieces
  2101 | D:3      | Noticed Grinder
  2108 | D:3      | Paralysed by Grinder for 3 turns
  2117 | D:3      | Paralysed by Grinder for 3 turns
  2129 | D:3      | Killed Grinder
  2130 | D:3      | Reached skill level 1 in Dodging
  2130 | D:3      | Reached XP level 5. HP: 43/43 MP: 4/9
  2130 | D:3      | Gained mutation: Spells you cast may paralyse nearby
                  | enemies. [demonic ancestry]
  2130 | D:3      | Reached XP level 6. HP: 50/50 MP: 4/10
  2807 | D:4      | Reached skill level 5 in Fighting
  2900 | D:4      | Reached skill level 3 in Spellcasting
  3140 | D:2      | Bought a scroll labelled MEAWEL FIKHLILE for 20 gold pieces
  3174 | D:2      | Bought a scroll labelled ETOUFESH RIUW for 22 gold pieces
  3174 | D:2      | Bought a scroll labelled EDIXKO DIDWIXY for 22 gold pieces
  3174 | D:2      | Bought a scroll labelled GARYG HATU for 22 gold pieces
  3219 | D:2      | Bought a scroll of fear for 48 gold pieces
  3774 | D:4      | Found Ufecs's General Store.
  3776 | D:4      | Found Jufimiots's Antique Armour Emporium.
  3776 | D:4      | Found Lulausm's Weapon Emporium.
  3778 | D:4      | Found Jiaggo's General Store.
  3957 | D:5      | Entered Level 5 of the Dungeon
  3966 | D:5      | Gained mutation: You have a pair of horns on your head.
                  | [demonic ancestry]
  3966 | D:5      | Reached XP level 7. HP: 56/56 MP: 4/12
  4032 | D:5      | Identified the +6 ring mail of Lies {-Cast rC+ Regen+
                  | Str+2}
  4060 | D:5      | Noticed Eustachio
  4072 | D:5      | Killed Eustachio
  4073 | D:5      | Reached skill level 1 in Maces & Flails
  4164 | D:5      | Reached skill level 1 in Shields
  4190 | D:5      | Reached skill level 4 in Spellcasting
  4572 | D:3      | Bought a potion of heal wounds for 60 gold pieces
  4667 | D:5      | Gained mutation: You are mostly covered in slimy green
                  | scales. (AC +3) [demonic ancestry]
  4667 | D:5      | Reached XP level 8. HP: 61/63 MP: 6/14
  4848 | D:5      | Noticed Pikel
  4853 | D:5      | Killed Pikel
  4854 | D:5      | Reached skill level 5 in Spellcasting
  4854 | D:5      | Reached skill level 5 in Ice Magic
  5534 | D:6      | Identified the +4 shortbow of Extermination {drain, rC+
                  | Stlth+}
  5672 | D:6      | Found an opulent altar of Gozag.
  5875 | D:6      | Reached XP level 9. HP: 68/71 MP: 10/17
  6286 | D:6      | Became a worshipper of Gozag Ym Sagoz the Greedy
  6619 | D:7      | Found a large runed translucent door.
  6620 | D:7      | Found a large runed translucent door.
  6620 | D:7      | Noticed a two-headed ogre
  6622 | D:7      | Found a large runed translucent door.
  6622 | D:7      | Found a large runed translucent door.
  6724 | D:7      | Reached skill level 6 in Spellcasting
  6935 | D:7      | Found a bloodstained altar of Trog.
  6958 | D:7      | Found a staircase to the Ecumenical Temple.
  6967 | Temple   | Entered the Ecumenical Temple
  7393 | D:7      | Noticed a troll
  7408 | D:7      | Killed a troll
  7621 | D:2      | Bought a scorched ring mail for 180 gold pieces
  7621 | D:2      | Identified the +3 ring mail "Emehimah" {Rampage *Slow rF+
                  | Str+4} (You bought it in a shop on level 2 of the Dungeon)
  7655 | D:2      | Bought a garnet ring for 110 gold pieces
  8421 | D:8      | Found a hide-covered altar of Uskayaw.
  8423 | D:8      | Found a snail-covered altar of Cheibriados.
  8428 | D:8      | Identified the +8 chain mail of Urorajax {rC+ rCorr Str-5
                  | Dex+3}
  8436 | D:8      | Reached skill level 1 in Throwing
  8436 | D:8      | Reached skill level 1 in Alchemy
  8460 | D:8      | Gained mutation: A weak demonic guardian rushes to your
                  | aid. [demonic ancestry]
  8460 | D:8      | Reached XP level 10. HP: 79/79 MP: 16/20
  8578 | D:8      | Found an iron altar of Okawaru.
  8772 | D:9      | Noticed a two-headed ogre
  8806 | D:9      | Killed a two-headed ogre
  8807 | D:9      | Reached skill level 7 in Spellcasting
  9310 | D:9      | Reached skill level 8 in Spellcasting
  9463 | D:4      | Bought a translucent ring mail for 261 gold pieces
  9463 | D:4      | Identified the +5 ring mail of the Tick {rCorr} (You bought
                  | it in a shop on level 4 of the Dungeon)
  9532 | D:2      | Bought a blackened peridot ring for 100 gold pieces
  9692 | D:9      | Reached skill level 5 in Stealth
  9698 | D:9      | Reached skill level 1 in Armour
  9775 | D:9      | Found Keifipt's Vocational Training.
  9820 | D:9      | Found a stormy altar of Qazlal.
 10031 | D:9      | Found a staircase to the Lair.
 10193 | D:9      | Noticed a two-headed ogre
 10214 | D:9      | Killed a two-headed ogre
 10318 | D:10     | Entered Level 10 of the Dungeon
 10400 | D:10     | Noticed a green ugly thing
 10408 | D:10     | Killed a green ugly thing
 10409 | D:10     | Gained mutation: Your magical and physical power is
                  | slightly enhanced at high health. [demonic ancestry]
 10409 | D:10     | Reached XP level 11. HP: 73/84 MP: 19/23
 10484 | D:10     | Found a hazy altar of Hepliaklqana.
 10897 | D:10     | Identified the +2 scale mail "Inyclicyom" {rF+ rC+}
 11155 | D:4      | Bought a Young Poisoner's Handbook for 220 gold pieces
 11160 | D:4      | Learned a level 4 spell: Olgreb's Toxic Radiance
 11163 | D:4      | Learned a level 2 spell: Mercury Vapours
 11598 | Lair:1   | Entered Level 1 of the Lair of Beasts
 11960 | Lair:1   | Reached skill level 9 in Spellcasting
 12298 | Lair:1   | Reached skill level 5 in Alchemy
 12440 | Lair:1   | Identified the blade talisman of Surprise {Will- Str+5}
 12460 | Lair:1   | Found a shimmering altar of Xom.
 12676 | Lair:2   | Noticed a lindwurm
 12676 | Lair:2   | Noticed a six-headed hydra
 12684 | Lair:1   | Killed a lindwurm
 12763 | Lair:2   | Reached skill level 1 in Air Magic
 12947 | Lair:2   | Noticed a death yak
 12959 | Lair:2   | Killed a death yak
 13215 | Lair:2   | Reached XP level 12. HP: 76/94 MP: 8/25
 13323 | Lair:2   | Reached skill level 10 in Spellcasting
 13332 | Lair:2   | Found a staircase to the Shoals.
 13418 | Lair:2   | Identified the flux talisman of the Black Moon {rPois Will+
                  | Dex-2}
 13527 | Lair:2   | Killed a six-headed hydra
 13944 | Lair:2   | Identified the +2 ring mail of the Curious Dances {^Contam
                  | rF++ rC+ Regen+}
 14527 | Lair:3   | Found a hole to the Spider Nest.
 15340 | D:11     | Noticed a two-headed ogre
 15388 | D:11     | Noticed an ogre mage
 15390 | D:11     | You fall into a shaft and drop 3 floors!
 15488 | D:14     | Found a shadowy altar of Dithmenos.
 15529 | D:14     | Noticed a boulder beetle
 15536 | D:14     | Killed a boulder beetle
 15558 | D:14     | Reached skill level 11 in Spellcasting
 15772 | D:14     | Noticed Josephine
 15807 | D:14     | Killed Josephine
 15973 | D:14     | Reached XP level 13. HP: 100/100 MP: 21/28
 16164 | D:14     | Found a gate to the Vaults.
 16772 | D:13     | Got Sif Muna's Catalogue of Venomous Apparitions
 16942 | D:13     | Reached skill level 5 in Air Magic
 17748 | D:12     | Found a staircase to the Orcish Mines.
 17901 | D:12     | Learned a level 5 spell: Irradiate
 18256 | D:12     | Reached skill level 12 in Spellcasting
 18316 | D:12     | Reached skill level 1 in Conjurations
 18337 | D:12     | Noticed Lodul
 18354 | D:12     | Killed Lodul
 19024 | D:12     | Reached skill level 5 in Armour
 19115 | D:12     | Gained mutation: You have a pair of large horns on your
                  | head. [demonic ancestry]
 19115 | D:12     | Reached XP level 14. HP: 108/109 MP: 27/30
 19317 | Orc:1    | Entered Level 1 of the Orcish Mines
 19889 | Orc:1    | Noticed Fannar
 19966 | Orc:1    | Found a roughly hewn altar of Beogh.
 20200 | Orc:1    | Killed Fannar
 20615 | D:11     | Noticed Snorg
 20616 | D:11     | Reached skill level 10 in Fighting
 20947 | D:2      | Bought a book of Air for 308 gold pieces
 20952 | D:2      | Learned a level 4 spell: Airstrike
 21492 | D:11     | Found a blossoming altar of Fedhas.
 21702 | D:11     | Killed Snorg
 21846 | Orc:2    | Entered Level 2 of the Orcish Mines
 21865 | Orc:2    | Found a staircase to the Elven Halls.
 22249 | Orc:2    | Found a shimmering altar of Xom.
 22529 | Orc:2    | Reached skill level 13 in Spellcasting
 22529 | Orc:2    | Paralysed by something for 3 turns
 22535 | Orc:2    | Reached skill level 5 in Maces & Flails
 22578 | Orc:2    | Found Geatz's General Store.
 22578 | Orc:2    | Found Beudd's Jewellery Emporium.
 22580 | Orc:2    | Found Lonoeg's Book Shoppe.
 22580 | Orc:2    | Found Virrurgh's Armour Boutique.
 22722 | Orc:2    | Bought a book of the Senses for 560 gold pieces
 22726 | Orc:2    | Learned a level 3 spell: Mephitic Cloud
 22726 | Orc:2    | Bought a book of Cantrips for 224 gold pieces
 22728 | Orc:2    | Learned a level 1 spell: Apportation
 22728 | Orc:2    | Bought a book of Necromancy for 476 gold pieces
 22732 | Orc:2    | Learned a level 3 spell: Vampiric Draining
 22733 | Orc:2    | Bought a scroll of identify for 28 gold pieces
 22969 | D:4      | Bought a scroll of identify for 28 gold pieces
 23299 | Lair:4   | Identified the +1 chain mail of Undesirable Species
                  | {+Blink}
 23402 | Lair:4   | Found a hazy altar of Hepliaklqana.
 23706 | Lair:4   | Reached skill level 1 in Necromancy
 23708 | Lair:4   | Reached XP level 15. HP: 93/117 MP: 12/32
 24021 | Lair:5   | Entered Level 5 of the Lair of Beasts
 24853 | Lair:5   | Reached skill level 14 in Spellcasting
 24991 | Lair:5   | Found a staircase to the Slime Pits.
 24992 | Lair:5   | Found a viscous altar of Jiyva.
 25575 | D:2      | Bought a scroll of identify for 40 gold pieces
 25575 | D:2      | Bought a runed platinum amulet for 100 gold pieces
 25622 | D:2      | Bought a scroll of identify for 44 gold pieces
 25622 | D:2      | Bought a scroll of identify for 44 gold pieces
 25847 | D:15     | Entered Level 15 of the Dungeon
 26029 | D:15     | Reached skill level 5 in Conjurations
 26236 | D:15     | Found a staircase to the Depths.
 27213 | Depths:1 | Entered Level 1 of the Depths
 27483 | Depths:1 | Found a portal to a secret trove of treasure.
 27506 | D:15     | Bought a pair of masterwork gloves for 437 gold pieces
 27506 | D:15     | Identified the +1 pair of gloves of the Trees {rN+ Int+2}
                  | (You bought it in a shop on level 15 of the Dungeon)
 27506 | D:15     | Bought a scroll of identify for 92 gold pieces
 27511 | D:15     | Identified a scroll of acquirement
 27515 | D:15     | Bought a manual of Dodging for 1280 gold pieces
 27645 | D:15     | Acquired 486 gold pieces
 27854 | D:4      | Bought a scroll of acquirement for 728 gold pieces
 27854 | D:4      | Acquired a +2 cloak of preservation
 27868 | D:4      | Upgraded the game from 0.32-a0-859-gb0a091d592 to
                  | 0.32-a0-868-g153ae1a8d6
 28071 | Spider:1 | Entered Level 1 of the Spider Nest
 28355 | D:2      | Bought the +5 ring mail of Acoututu {Int-5 Dex+5 SInv} for
                  | 482 gold pieces
 28608 | Spider:1 | HP: 2/118 [culicivora (11)]
 28610 | Spider:1 | Slain by a tarantella

Illustrated notes

Levels and vault maps discovered:
D:1:      dpeg_arrival_connections, layout_loops_ring
D:2:      layout_loops_ring, serial_shops, nicolae_shop_rolled_up,
          nicolae_book_shop_shelving, nicolae_square_shop,
          nicolae_shop_waterfront, shop, uniq_robin
D:3:      layout_basic, serial_shops,
          nicolae_shop_temple_entry_statues_fountains, uniq_grinder
D:4:      minmay_skewed_foursquare, layout_loops_corners,
          minmay_shop_grid_forest, dreamdust_mushroom_princess
D:5:      layout_basic, amcnicky_mini_pool_medium, uniq_pikel, uniq_eustachio
D:6:      layout_cave_pools, nicolae_gozag_cash_rules_everything_around_me,
          roderic_batcave, moated_statue
D:7:      layout_gridville, mainiacjoe_overflow_six_doors_small,
          minmay_temple_entry_gardened_gates, minmay_hollow_rounded_squares
D:8:      layout_loops_ring, mainiacjoe_overflow_paths,
          mainiacjoe_overflow_catwalk_spiral
D:9:      layout_cave_pods, kennysheep_little_box, erik_lair_island,
          nicolae_shop_vocational
D:10:     layout_loops_cross, nicolae_hepliaklqana_monster_ancestors
D:11:     layout_cave_pools, minivault_20, minivault_16,
          fedhas_bush_and_centaur_altar, uniq_snorg
D:12:     hangedman_screamer, layout_loops_ring, nicolae_straight_to_the_point,
          uniq_lodul
D:13:     layout_layer_cave, nicolae_lava_and_water
D:14:     layout_loops_ring, erik_vaults_1,
          nicolae_dithmenos_through_a_glass_darkly, corexii_leaking_fountain,
          wad_floor_pattern_untrapped, uniq_josephine
D:15:     hangedman_depths_entry_civil_slaughter, layout_stronghold,
          minmay_misc_feat_x, serial_glass, glass_columns_c, glass_columns_a
Temple:   nicolae_temple_no_exploring_needed
Lair:1:   layout_regular_city, lemuel_centaur_altar, serial_bayou_shore_b,
          serial_bayou_shore_a
Lair:2:   layout_chaotic_city, minmay_shoals_entry_centaurs,
          hangedman_lair_generics_rect
Lair:3:   layout_regular_city, spider_nest_entry_web_field,
          serial_bayou_crossing
Lair:4:   layout_big_grid, basic_altar, chequers_serial_rivers_small_a,
          nicolae_lair_lindhole
Lair:5:   minmay_lair_end_enchanted_forest, layout_loops_ring, slime_entry_1,
          grunt_forest_stairs_basic, kennysheep_basilisk_garden
Spider:1: cheibrodos_spider_deadly_dance, uniq_rupert
Orc:1:    layout_caves, nicolae_orc_seminary, uniq_fannar
Orc:2:    st_orc_ogre_mass, layout_caves, basic_altar, nicolae_orc_crystal_seam
Depths:1: layout_forbidden_donut, enter_ziggurat_a, grunt_hell_entry_dis_old,
          enter_trove_6, serial_shops, nicolae_shop_tiny_waterfront,
          minmay_stone_trees_medium, minmay_misc_feat_secret_circle,
          minmay_misc_feat_tiny, evilmike_butchery

Skill      XL: |  1  2  3  4  5  6  7  8  9 10 11 12 13 14 15 |
---------------+----------------------------------------------+-----
Axes           | 2 |  2.0
Short Blades   | 1 2 3 |  3.3
Ice Magic      | 3 4 5 6 7 8 9 |  9.4
Stealth        | 2 3 4 5 6 7 8 |  8.9
Spellcasting   | 2 3 4 5 6 8 9 11 12 13 14 | 14.3
Dodging        | 1 2 3 4 |  4.1
Fighting       | 5 6 7 8 9 10 11 | 11.1
Maces & Flails | 1 2 3 4 5 |  5.7
Shields        | 1 2 3 4 |  4.5
Throwing       | 1 2 3 |  3.2
Alchemy        | 1 3 5 6 7 8 |  8.2
Armour         | 1 3 5 6 7 |  7.1
Air Magic      | 2 4 5 |  5.4
Conjurations   | 1 4 5 |  5.7
Necromancy     | 1 4 |  4.4
Polearms       | |  0.1

Action                     |  1- 3 |  4- 6 |  7- 9 | 10-12 | 13-15 || total
---------------------------+-------+-------+-------+-------+-------++-------
  Melee: Hand axe          |    19 |       |       |       |       ||    19
         Dagger            |    35 |    16 |    48 |    87 |   104 ||   290
         Mace              |    21 |    32 |    68 |   105 |   324 ||   550
         Headbutt          |     4 |     7 |    10 |    35 |    90 ||   146
         Trident           |       |       |       |       |     1 ||     1
  Throw: Javelin           |       |     2 |     6 |       |       ||     8
         Dart              |       |     1 |    11 |    18 |    13 ||    43
         Boomerang         |       |       |       |    19 |    57 ||    76
   Cast: Freeze            |    17 |    12 |       |       |       ||    29
         Ozocubu's Armour  |       |     5 |    20 |    52 |    83 ||   160
         Frozen Ramparts   |       |     9 |    43 |    60 |    75 ||   187
         Olgreb's Toxic Ra |       |       |       |    24 |    62 ||    86
         Mercury Vapours   |       |       |       |     5 |    44 ||    49
         Irradiate         |       |       |       |       |     9 ||     9
         Airstrike         |       |       |       |       |     5 ||     5
         Apportation       |       |       |       |       |     4 ||     4
 Invoke: Call Merchant     |       |       |       |       |     3 ||     3
  Evoke: Wand              |       |       |       |       |     2 ||     2
    Use: Scroll            |     3 |     1 |     6 |     3 |    19 ||    32
         Potion            |       |     1 |     1 |       |     4 ||     6
   Stab: Paralysed         |     9 |    14 |    24 |    47 |    87 ||   181
         Sleeping          |     1 |       |     4 |     8 |     6 ||    19
         Distracted        |       |       |       |       |     3 ||     3
 Armour: Leather armour    |    40 |    35 |    98 |       |       ||   173
         Robe              |       |       |     9 |   180 |    69 ||   258
         Ring mail         |       |       |       |       |   528 ||   528
  Dodge: Dodged            |    39 |    30 |    61 |    97 |   279 ||   506
  Block: Buckler           |       |       |    12 |    43 |   133 ||   188

Table legend: (Time is in decaauts)
 A = Elapsed time spent in this place.
 B = Non-inter-level travel time spent in this place.
 C = Inter-level travel time spent in this place.
 D = Time resting spent in this place.
 E = Time spent auto-exploring this place.
 F = Levels seen in this place.
 G = Mean time per level.
                   A        B        C        D        E       F      G
               +--------+--------+--------+--------+--------+-----+--------+
         Total |  28674 |  24779 |   3895 |   5970 |   6529 |  25 | 1147.0 |
       Dungeon |  20189 |  16847 |   3342 |   4021 |   4201 |  15 | 1345.9 |
        Temple |      1 |      1 |      0 |      0 |      0 |   1 |    1.0 |
          Lair |   6147 |   5691 |    456 |   1202 |   1827 |   5 | 1229.4 |
   Spider Nest |     15 |     15 |      0 |      0 |      0 |   1 |   15.0 |
  Orcish Mines |   2192 |   2097 |     95 |    747 |    501 |   2 | 1096.0 |
        Depths |    127 |    127 |      0 |      0 |      0 |   1 |  127.0 |
               +--------+--------+--------+--------+--------+-----+--------+

Top non-repeatable levels by time:
     D:9: 1911 daAuts
     D:5: 1704 daAuts
    D:12: 1663 daAuts
    D:15: 1643 daAuts
     D:4: 1593 daAuts
    D:14: 1478 daAuts
     D:3: 1442 daAuts
  Lair:2: 1392 daAuts
     D:7: 1351 daAuts
  Lair:5: 1346 daAuts
     D:8: 1330 daAuts
     D:2: 1288 daAuts
  Lair:1: 1264 daAuts
   Orc:1: 1255 daAuts
  Lair:3: 1241 daAuts
